 Dungeon Crawl Stone Soup version 0.21-a0-225-g207ae17 (webtiles) character file.

4254 tidbits the Martial Artist (level 9, -18/72 HPs)
             Began as a Demigod Transmuter on Aug 27, 2017.
             Hit by a large rock thrown by a cyclops (42 damage)
             ... on level 11 of the Dungeon on Aug 28, 2017.
             The game lasted 00:50:01 (5692 turns).

tidbits the Martial Artist (Demigod Transmuter)     Turns: 5692, Time: 00:50:02

Health: -18/72     AC: 11    Str: 13    XL:     9   Next: 84%
Magic:  0/15       EV: 14    Int: 23    God:
Gold:   564        SH:  0    Dex: 16    Spells: 2/12 levels left

rFire    . . .     SeeInvis .     - Unarmed
rCold    . . .     Gourm    .   (shield currently unavailable)
rNeg     . . .     Faith    .   B - +1 troll leather armour {Snorg}
rPois    .         Spirit   .   E - +1 helmet
rElec    .         Reflect  .   C - +2 cloak
rCorr    .         Harm     +   (gloves currently unavailable)
MR       .....                  (no boots)
Stlth    +++.......             r - amulet of harm
HPRegen  0.62/turn              U - +1 ring of protection
MPRegen  0.14/turn              L - ring of stealth

@: blade hands
A: high mp 1
a: End Transformation


You were on level 11 of the Dungeon.
You were hungry.
You had blades for hands.
You visited 1 branch of the dungeon, and saw 12 of its levels.
You also visited: Sewer.

You collected 564 gold pieces.

Inventory:

Hand Weapons
 b - a +0 hunting sling
 g - a +1 blowgun
 y - a +2 hand axe of electrocution
   (You took it off an orc warrior on level 6 of the Dungeon)
 H - a +0 short sword of venom
   (You took it off a kobold in a sewer)
 I - a cursed -3 long sword
 J - the +5 dagger of Impermanence {freeze, +Fly Str-3 Dex+7}
   (You found it on level 4 of the Dungeon)

   It has been specially enchanted to freeze those struck by it, causing extra
   injury to most foes and up to half again as much damage against particularly
   susceptible opponents.
   It can also slow down cold-blooded creatures.
   It affects your strength (-3).
   It affects your dexterity (+7).
   It lets you fly.
 M - a +0 short sword of draining
   (You found it on level 7 of the Dungeon)
Missiles
 a - 174 arrows
 f - 79 sling bullets
 j - 19 poisoned needles
 k - 49 stones (quivered)
 l - 51 bolts
 q - 3 needles of sleeping
Armour
 e - a +0 robe
 B - a +1 troll leather armour (worn) {Snorg}
 C - a +2 cloak (worn)
 E - a +1 helmet (worn)
 G - a +0 large shield
 Z - a +0 leather armour
Jewellery
 p - an uncursed ring of protection from fire
   (You found it on level 2 of the Dungeon)
 r - an amulet of harm (around neck)
   (You found it on level 1 of the Dungeon)
 s - an uncursed ring of protection from fire
   (You found it on level 2 of the Dungeon)
 K - an uncursed ring of resist corrosion
   (You found it on level 2 of the Dungeon)
 L - a ring of stealth (right scythe-like blade)
   (You found it on level 7 of the Dungeon)
 U - a +1 ring of protection (left scythe-like blade)
   (You took it off a hobgoblin on level 2 of the Dungeon)
Wands
 x - a wand of lightning (3/15)
 z - a wand of acid (4/15)
 O - a wand of flame (17/48)
 T - a wand of flame (27/48)
Scrolls
 n - a scroll of fog
 v - 7 scrolls of teleportation
 A - a scroll of magic mapping {unknown}
 D - 5 scrolls of blinking
 N - a scroll of remove curse
 V - a scroll of acquirement {unknown}
 W - a scroll of noise {unknown}
 X - a scroll of amnesia
Potions
 h - 5 potions of curing
 m - a potion of might
 o - 2 potions of flight
 F - a potion of magic {unknown}
 P - a potion of invisibility {unknown}
 Q - a potion of brilliance {unknown}
 R - a potion of agility {unknown}
Books
 c - a book of Changes

   Spells                             Type                      Level
   a - Beastly Appendage              Transmutation                1
   b - Sticks to Snakes               Transmutation                2
   c - Spider Form                    Transmutation/Poison         3
   d - Ice Form                       Ice/Transmutation            4
   e - Blade Hands                    Transmutation                5
 t - a book of Conjurations
   (You found it on level 2 of the Dungeon)

   Spells                             Type                      Level
   a - Magic Dart                     Conjuration                  1
   b - Searing Ray                    Conjuration                  2
   c - Dazzling Spray                 Conjuration/Hexes            3
   d - Fulminant Prism                Conjuration/Hexes            4
   e - Force Lance                    Conjuration/Translocation    4
   f - Iskenderun's Mystic Blast      Conjuration                  4
Miscellaneous
 Y - a phial of floods
Comestibles
 d - 5 bread rations
 i - 3 meat rations
 u - 3 royal jellies
 w - 6 fruits


   Skills:
 + Level 4.7 Fighting
 + Level 4.8 Dodging
 - Level 1.0 Stealth
 + Level 9.2 Unarmed Combat
 + Level 2.2 Spellcasting
 - Level 7.8 Transmutations


You had 2 spell levels left.
You knew the following spells:

 Your Spells              Type           Power        Failure   Level  Hunger
h - Blade Hands           Tmut           #####.....   58%         5    ######.
k - Sticks to Snakes      Tmut           #####...     14%         2    ##.....
p - Spider Form           Tmut/Pois      ###.......   45%         3    ###....


Dungeon Overview and Level Annotations

Branches:
Dungeon (12/15)            Temple (0/1) D:4
   Lair: D:8-11         Orc: D:9-12

Shops:
D:5 =   D:8 (

Annotations:
D:12 Rupert, Sonja


Innate Abilities, Weirdness & Mutations

You have an increased reservoir of magic. (+10% MP)


Message History

Your ball python grabs the crimson imp.
Your ball python constricts the crimson imp.
Your ball python bites the crimson imp but does no damage.
The crimson imp hits your ball python. Snorg barely misses you.
Snorg claws you.
* * * LOW HITPOINT WARNING * * *
Snorg barely misses you.
You slice Snorg!!
You kill Snorg!
The troll leather armour {Snorg} is intact enough to wear.
Your Unarmed Combat skill increases to level 9!
Your ball python bites the crimson imp.
Your ball python constricts the crimson imp.
Your ball python bites the crimson imp but does no damage.
The crimson imp barely misses your ball python.
Your ball python bites the crimson imp but does no damage. x2
Your ball python constricts the crimson imp.
The crimson imp misses your ball python.
Things that are here:
a +1 troll leather armour {Snorg}; the troll corpse of Snorg
Z - a +1 troll leather armour {Snorg} Your ball python bites the crimson imp but does no damage.
Your ball python barely misses the crimson imp.
Your ball python constricts the crimson imp.
The crimson imp hits your ball python.
Your ball python bites the crimson imp but does no damage.
Your ball python constricts the crimson imp.
Your ball python bites the crimson imp.
Unknown command.
Your ball python bites the crimson imp but does no damage. x2
Your ball python constricts the crimson imp.
The crimson imp grinds its teeth.
The crimson imp barely misses your ball python.
Your ball python completely misses the crimson imp.
Your ball python bites the crimson imp.
Your ball python constricts the crimson imp.
The crimson imp hits your ball python.
Your ball python dies!
Your ball python barely misses the crimson imp.
Your ball python constricts the crimson imp.
The crimson imp misses you.
You slice the crimson imp!!
You kill the crimson imp!
Wear which item? (? for menu, Esc to quit)
Your transformation is almost over.
You are feeling hungry.
You start removing your armour.
You continue taking off your +0 leather armour. x4
You finish taking off your +0 leather armour.
You start putting on your armour.
You continue putting on your +1 troll leather armour {Snorg}. x4
Your hands revert to their normal proportions.
You continue putting on your +1 troll leather armour {Snorg}.
You finish putting on your +1 troll leather armour {Snorg}.
Adjust (i)tems, (s)pells, or (a)bilities?
Adjust which item? (? for menu, Esc to quit)
Z - a +1 troll leather armour (worn)
{Snorg} Adjust to which letter? (? for menu, Esc to quit)
E - a +1 troll leather armour (worn)
{Snorg}
Z - a +1 helmet (worn)
Adjust (i)tems, (s)pells, or (a)bilities?
Adjust which item? (? for menu, Esc to quit)
E - a +1 troll leather armour (worn)
{Snorg} Adjust to which letter? (? for menu, Esc to quit)
B - a +1 troll leather armour (worn)
{Snorg}
E - a +0 leather armour Adjust (i)tems, (s)pells, or (a)bilities?
Adjust which item? (? for menu, Esc to quit)
Z - a +1 helmet (worn)
Adjust to which letter? (? for menu, Esc to quit)
E - a +1 helmet (worn);
Z - a +0 leather armour
As you read the scroll of enchant armour, it crumbles to dust.
Your +1 cloak glows green for a moment.
Saving game... please wait.
Welcome back, tidbits the Demigod Transmuter.
Press ? for a list of commands and other information.
Search for what [? for help]? .
Okay, then.
Okay, then.
You swap places.
Okay, then.
A worker ant comes into view.
Cast which spell? (? or * to list)
You create 2 snakes!
You now have 175 arrows.
Casting: Sticks to Snakes
Confirm with . or Enter, or press ? or * to list all spells.
You create a snake!
You now have 174 arrows.
Casting: Sticks to Snakes
Confirm with . or Enter, or press ? or * to list all spells.
Your hands turn into razor-sharp scythe blades.
You swap places.
A cyclops comes into view.
The cyclops shouts!
The worker ant twitches its antennae in your direction.
Your adder bites the worker ant.
The worker ant is poisoned.
Your adder poisons the worker ant!
The cyclops throws a large rock.
The large rock completely misses your adder.
The large rock hits you!!
Ouch! That really hurt!
You die...

.....C.....
..........
..........
.........
.........
#a.......
#S.......
####....#
#@.......
........#
#SS......
........#
#S...#..#
........# #....# #
#.......# #....#
#.......# #....#
#.......### #....#
#......†..# #....#
#.........###....#


You could see a cyclops, a worker ant, 3 friendly adders and a friendly ball
python.

Vanquished Creatures
  Snorg (D:11)
  An ice beast (D:12)
  An orc warrior (D:6)
  A sky beast (D:5)
  3 ogres
  5 centaurs
  A big kobold (D:5)
  Blork the orc (D:5)
  A bullfrog (D:6)
  A scorpion (D:10)
  7 wights
  A howler monkey (D:5)
  5 crimson imps
  2 hounds
  A bullfrog skeleton (D:5)
  3 bullfrog zombies
  5 orc priests
  A jelly (D:8)
  7 orc wizards
  An iguana (D:6)
  6 worker ants
  A hound skeleton (D:5)
  3 gnolls (D:6)
  11 adders
  A river rat (Sewer)
  4 oozes
  An adder skeleton (D:5)
  An adder zombie (D:5)
  4 worms
  A dart slug (D:5)
  7 leopard geckos
  18 orcs
  A bat (D:1)
  6 giant cockroaches
  9 hobgoblins
  8 jackals
  A quokka (D:5)
  2 ball pythons
  5 frilled lizards
  5 goblins
  15 kobolds
  A quokka skeleton (D:5)
  6 rats (D:1)
166 creatures vanquished.

Vanquished Creatures (collateral kills)
  A death knight (D:12)
  A hornet (D:12)
  A hippogriff (D:12)
  An eye of draining (D:10)
  2 ogres
  A scorpion (D:9)
  A wight (D:6)
  A crimson imp (D:6)
  A hound (D:8)
  A jelly (D:12)
  An orc wizard (D:7)
  A worker ant (D:12)
  A worker ant zombie (D:8)
  3 adders
  A gnoll (D:6)
  A river rat (Sewer)
  A shadow imp (D:4)
  A worm (D:5)
  4 orcs
  A bat (D:3)
  2 jackals (D:3)
  A quokka (D:2)
29 creatures vanquished.

Grand Total: 195 creatures vanquished

Notes
Turn   | Place    | Note
-------+----------+-------------------------------------------
     0 | D:1      | tidbits the Demigod Transmuter began the quest for the Orb.
     0 | D:1      | Reached XP level 1. HP: 15/15 MP: 5/5
    59 | D:1      | Reached skill level 2 in Spellcasting
   141 | D:1      | Reached skill level 2 in Transmutations
   206 | D:1      | Reached XP level 2. HP: 22/22 MP: 7/7
   210 | D:1      | Learned a level 2 spell: Sticks to Snakes
   520 | D:2      | Reached skill level 1 in Stealth
   559 | D:2      | Reached skill level 3 in Unarmed Combat
   628 | D:2      | Reached XP level 3. HP: 22/27 MP: 8/8
   852 | D:2      | Learned a level 3 spell: Spider Form
   902 | D:3      | Found a white marble altar of Elyvilon.
  1055 | D:3      | Noticed an ogre
  1077 | D:3      | Killed an ogre
  1077 | D:3      | Reached skill level 4 in Unarmed Combat
  1077 | D:3      | Reached XP level 4. HP: 32/34 MP: 2/10
  1206 | D:3      | Found a faded altar of an unknown god.
  1331 | D:3      | Reached skill level 5 in Unarmed Combat
  1331 | D:3      | Reached XP level 5. HP: 37/39 MP: 2/11
  1380 | D:3      | Found a sacrificial altar of Ru.
  1475 | D:4      | Found a stormy altar of Qazlal.
  1544 | D:5      | Entered Level 5 of the Dungeon
  1596 | D:5      | Found a deep blue altar of Sif Muna.
  1606 | D:5      | Found a radiant altar of Vehumet.
  1606 | D:5      | Noticed Blork the orc
  1618 | D:5      | Killed Blork the orc
  1625 | D:5      | Found an ancient bone altar of Kikubaaqudgha.
  1628 | D:5      | Found a hazy altar of Hepliaklqana.
  1686 | D:5      | Reached skill level 3 in Transmutations
  1686 | D:5      | Reached XP level 6. HP: 46/46 MP: 4/12
  1713 | D:5      | Found a glowing golden altar of the Shining One.
  1816 | D:5      | Reached skill level 6 in Unarmed Combat
  1823 | D:5      | Found Najos's Jewellery Shoppe.
  1904 | D:5      | Reached skill level 4 in Transmutations
  2162 | D:5      | Found a glowing drain.
  2171 | Sewer    | Entered a sewer
  2190 | Sewer    | Reached XP level 7. HP: 51/51 MP: 5/13
  2558 | D:4      | HP: 5/51 [orc priest/divine providence (14)]
  2663 | D:4      | Got a bloodstained dagger
  2664 | D:4      | Identified the +5 dagger of Impermanence {freeze, +Fly Str-3 Dex+7} (You found it on level 4 of the Dungeon)
  2792 | D:4      | Found a staircase to the Ecumenical Temple.
  2982 | D:4      | Reached skill level 5 in Transmutations
  3064 | D:6      | Reached skill level 7 in Unarmed Combat
  3269 | D:6      | Found a white marble altar of Elyvilon.
  3304 | D:6      | Found a glowing golden altar of the Shining One.
  3328 | D:6      | Reached XP level 8. HP: 42/58 MP: 4/14
  3403 | D:6      | Reached skill level 6 in Transmutations
  3525 | D:6      | Learned a level 5 spell: Blade Hands
  3560 | D:6      | Reached skill level 1 in Fighting
  3561 | D:6      | Found a shadowy altar of Dithmenos.
  3670 | D:6      | Reached skill level 2 in Dodging
  3670 | D:6      | Reached skill level 8 in Unarmed Combat
  3833 | D:7      | Found a shattered altar of Ashenzari.
  3977 | D:7      | Found an ornate altar of the Wu Jian Council.
  4064 | D:7      | Reached skill level 2 in Fighting
  4379 | D:8      | Reached skill level 3 in Dodging
  4585 | D:9      | Reached XP level 9. HP: 68/68 MP: 8/15
  4656 | D:9      | Found a sparkling altar of Nemelex Xobeh.
  4656 | D:9      | Found an opulent altar of Gozag.
  4722 | D:8      | Reached skill level 3 in Fighting
  4754 | D:8      | Found Biolucikk's Weapon Shop.
  5145 | D:10     | Entered Level 10 of the Dungeon
  5170 | D:10     | Reached skill level 7 in Transmutations
  5302 | D:12     | Noticed Rupert
  5308 | D:12     | Noticed a manticore
  5312 | D:12     | Noticed a death knight
  5341 | D:12     | Killed a death knight
  5379 | D:12     | Reached skill level 4 in Dodging
  5476 | D:12     | Paralysed by a hornet for 1 turns
  5479 | D:12     | Reached skill level 4 in Fighting
  5516 | D:12     | Noticed Sonja
  5648 | D:11     | Noticed Snorg
  5661 | D:11     | Killed Snorg
  5661 | D:11     | Reached skill level 9 in Unarmed Combat
  5679 | D:11     | Upgraded the game from 0.21-a0-221-gfe971b9 to 0.21-a0-225-g207ae17
  5692 | D:11     | Noticed a cyclops
  5692 | D:11     | Hit by a large rock thrown by a cyclops

Vault maps used:
D:1:      dpeg_arrival_renting, minivault_11
D:3:      nicolae_ru_great_annihilating_truth, lemuel_crystal_altar,
          chequers_ecumenical_altar_island, st_stairs_5
D:4:      kennysheep_mini, minmay_temple_entry_fiery
D:5:      grunt_temple_overflow_cloverleaf, first_bread,
          cheibrodos_sewer_entry_bend, serial_shops, shop_fountains,
          minmay_misc_feat_more_columns, nicolae_tso_swordbearing_angel,
          uniq_blork_the_orc
D:6:      lemuel_coloured_pillars_altar, nicolae_dithmenos_shadow_blocks,
          basic_altar, elyvilon_altar_4
D:7:      nicolae_overflow_hidden_temple, basic_altar, kennysheep_generic_room_7
D:8:      bloody_trog, serial_shops, nicolae_shop_behind_doors, uniq_maurice
D:9:      grunt_temple_overflow_opulence, minmay_lair_entry_lava, uniq_joseph
D:11:     minmay_statue_hallways, orc_0_dummy, uniq_erolcha, uniq_snorg
D:12:     uniq_sonja, uniq_rupert
Sewer:    sewer_co_15_rooms

Skill      XL: |  1  2  3  4  5  6  7  8  9 |
---------------+----------------------------+-----
Spellcasting   | 2 |  2.2
Transmutations | 2 3 4 5 6 7 |  7.8
Stealth        | 1 |  1.0
Unarmed Combat | 3 4 5 6 7 8 9 |  9.2
Fighting       | 2 4 |  4.7
Dodging        | 3 4 |  4.8

Action                   |  1- 3 |  4- 6 |  7- 9 || total
-------------------------+-------+-------+-------++-------
Melee: Unarmed           |    65 |    88 |   245 ||   398
       Kick              |    14 |     1 |       ||    15
       Hand axe          |       |       |     5 ||     5
       Punch             |       |       |     2 ||     2
 Fire: Hunting sling     |    53 |    22 |    25 ||   100
Throw: Stone             |     1 |       |       ||     1
 Cast: Beastly Appendage |    21 |     1 |       ||    22
       Sticks to Snakes  |     6 |     8 |    59 ||    73
       Spider Form       |     3 |    15 |    48 ||    66
       Blade Hands       |       |       |     3 ||     3
 Abil: End Transformatio |       |       |     3 ||     3
Evoke: Wand              |       |     1 |       ||     1
  Use: Scroll            |     2 |     8 |     4 ||    14
       Potion            |       |     3 |     4 ||     7
 Stab: Sleeping          |       |     2 |     2 ||     4
       Distracted        |       |       |     3 ||     3
  Eat: Chunk             |     1 |     5 |    15 ||    21
       Royal jelly       |       |     1 |       ||     1
       Meat ration       |       |       |     1 ||     1
       Fruit             |       |       |     1 ||     1
Armor: Robe              |     3 |       |       ||     3
       Leather armour    |     7 |     8 |     9 ||    24
       Skin              |     1 |    11 |    12 ||    24
Dodge: Dodged            |    34 |    62 |   178 ||   274

Table legend:
 A = Spawn XP
 B = Non-spawn XP
 C = Spawn XP percentage of total XP
 D = Spawn monster count
 E = Non-spawn monster count
 F = Spawn count percentage of total count
 G = Total turns spent on level
                    A         B        C        D         E        F      G
               +---------+---------+-------+---------+---------+-------+---------
         Total |     360 |    5718 |   5.9 |      16 |     179 |   8.2 |  5692
               +---------+---------+-------+---------+---------+-------+---------
           D:1 |       3 |      17 |  15.0 |       2 |      12 |  14.3 |   441
           D:2 |       4 |      41 |   8.9 |       2 |      12 |  14.3 |   414
           D:3 |      28 |     197 |  12.4 |       4 |      25 |  13.8 |   656
           D:4 |      41 |     151 |  21.4 |       2 |       9 |  18.2 |   536
           D:5 |      42 |     534 |   7.3 |       1 |      25 |   3.8 |   718
           D:6 |     242 |     932 |  20.6 |       5 |      29 |  14.7 |   668
           D:7 |       0 |     706 |   0.0 |       0 |      20 |   0.0 |   660
           D:8 |       0 |     294 |   0.0 |       0 |      11 |   0.0 |   563
           D:9 |       0 |     176 |   0.0 |       0 |       3 |   0.0 |   221
          D:10 |       0 |     203 |   0.0 |       0 |       4 |   0.0 |   117
          D:11 |       0 |    1206 |   0.0 |       0 |       3 |   0.0 |   113
          D:12 |       0 |    1170 |   0.0 |       0 |       9 |   0.0 |   317
         Sewer |       0 |      91 |   0.0 |       0 |      17 |   0.0 |   268
               +---------+---------+-------+---------+---------+-------+---------

Table legend:
 A = Turns spent in this place as a percentage of turns spent in the entire game.
 B = Non-inter-level travel turns spent in this place as a percentage of non-inter-level travel turns spent in the entire game.
 C = Inter-level travel turns spent in this place as a percentage of turns spent in this place.
 D = Turns resting spent in this place as a percentage of non-inter-level travel turns spent in this place.
 E = Turns spent auto-exploring this place as a percentage of non-inter-level travel turns spent in this place.
 F = Non-inter-level travel turns spent in this place divided by the number of levels of this place that you've seen.
                   A       B       C       D       E      F
               +-------+-------+-------+-------+-------+----------------------
         Total | 100.0 | 100.0 |   8.0 |   0.1 |   0.0 | 402.9
       Dungeon |  95.3 |  94.9 |   8.4 |   0.1 |   0.0 | 414.2
         Sewer |   4.7 |   5.1 |   0.0 |   0.0 |   0.0 | 268.0
               +-------+-------+-------+-------+-------+----------------------

Table legend:
 A = Kills in this place as a percentage of kills in entire the game.
 B = Kills by you in this place as a percentage of kills by you in the entire game.
 C = Kills by friends in this place as a percentage of kills by friends in the entire game.
 D = Other kills in this place as a percentage of other kills in the entire game.
 E = Experience gained in this place as a percentage of experience gained in the entire game.
 F = Experience gained in this place divided by the number of levels of this place that you have seen.
                   A       B       C       D       E      F
               +-------+-------+-------+-------+-------+----------------------
         Total | 100.0 | 100.0 | 100.0 |   N/A | 100.0 | 467.5
       Dungeon |  91.3 |  90.4 |  96.6 |   N/A |  98.5 | 498.9
         Sewer |   8.7 |   9.6 |   3.4 |   N/A |   1.5 |  91.0
               +-------+-------+-------+-------+-------+----------------------

Vault maps used:
D:1:      dpeg_arrival_renting, minivault_11
D:3:      nicolae_ru_great_annihilating_truth, lemuel_crystal_altar,
          chequers_ecumenical_altar_island, st_stairs_5
D:4:      kennysheep_mini, minmay_temple_entry_fiery
D:5:      grunt_temple_overflow_cloverleaf, first_bread,
          cheibrodos_sewer_entry_bend, serial_shops, shop_fountains,
          minmay_misc_feat_more_columns, nicolae_tso_swordbearing_angel,
          uniq_blork_the_orc
D:6:      lemuel_coloured_pillars_altar, nicolae_dithmenos_shadow_blocks,
          basic_altar, elyvilon_altar_4
D:7:      nicolae_overflow_hidden_temple, basic_altar, kennysheep_generic_room_7
D:8:      bloody_trog, serial_shops, nicolae_shop_behind_doors, uniq_maurice
D:9:      grunt_temple_overflow_opulence, minmay_lair_entry_lava, uniq_joseph
D:11:     minmay_statue_hallways, orc_0_dummy, uniq_erolcha, uniq_snorg
D:12:     uniq_sonja, uniq_rupert
Sewer:    sewer_co_15_rooms
